 Dungeon Crawl Stone Soup version 0.27-a0-773-gaaee5cf45b (webtiles) character file.

Game seed: 18306230482540880186

3949 logorrheac the Cleaver (level 10, -6/90 HPs)
             Began as a Minotaur Fighter on Mar 25, 2021.
             Was a Follower of Ru.
             Mangled by a death yak (22 damage)
             ... on level 8 of the Dungeon.
             The game lasted 00:09:37 (7497 turns).

logorrheac the Cleaver (Minotaur Fighter)           Turns: 7497, Time: 00:09:37

Health: -6/90      AC: 13    Str: 23    XL:     10   Next: 2%
Magic:  9/9        EV:  8    Int:  5    God:    Ru [*.....]
Gold:   282        SH: 16    Dex: 11    Spells: 9/9 levels left

rFire    . . .     SeeInvis .   a - +0 war axe
rCold    . . .     Faith    .   c - +0 kite shield
rNeg     . . .     Spirit   .   b - +0 scale mail
rPois    .         Reflect  +   (helmet restricted)
rElec    .         Harm     .   k - +0 cloak
rCorr    .         Rampage  .   (no gloves)
Will     .....     Clarity  +   i - +0 pair of boots
Stlth    ..........             v - amulet of reflection
HPRegen  0.25/turn              (no ring)
MPRegen  0.11/turn              (no ring)

@: mighty, flying, hasted, very quick
A: horns 2, hated by all, retaliatory headbutt, slimy green scales 1, clarity
a: Renounce Religion


You were on level 8 of the Dungeon.
You worshipped Ru.
Ru was aware of your devotion.
You visited 1 branch of the dungeon, and saw 8 of its levels.

You collected 282 gold pieces.

Inventory:

Hand Weapons
 a - a +0 war axe (weapon)
 r - a +2 vorpal flail
Armour
 b - a +0 scale mail (worn)
 c - a +0 kite shield (worn)
 i - a +0 pair of boots (worn)
 k - a +0 cloak (worn)
Jewellery
 o - an amulet of guardian spirit
 v - an amulet of reflection (around neck)
 z - a ring of magical power
Wands
 s - a wand of flame (20)
Scrolls
 e - 4 scrolls of teleportation
 g - a scroll of acquirement {unknown}
 j - a scroll of blinking {unknown}
 m - a scroll of silence {unknown}
 n - a scroll of torment {unknown}
 q - 4 scrolls of identify
 u - 2 scrolls of brand weapon {unknown}
 y - a scroll of fog {unknown}
Potions
 d - a potion of might
 f - 3 potions of attraction
 h - a potion of magic
 l - a potion of resistance
 p - a potion of berserk rage
 t - a potion of lignification {unknown}
 w - a potion of haste
 x - 2 potions of flight


   Skills:
 + Level 8.6 Fighting
 * Level 11.0 Axes
 + Level 8.6 Armour
 + Level 8.6 Shields


You had 9 spell levels left.
You didn't know any spells.
Your spell library contained the following spells:

 Spells                   Type           Power      Damage    Failure   Level
 Apportation              Tloc           0%         N/A       95%         1
 Confusing Touch          Hex            0%         N/A       100%        3
 Gell's Gravitas          Tloc           0%         N/A       100%        3
 Lesser Beckoning         Tloc           0%         N/A       100%        3
 Petrify                  Tmut/Erth      0%         N/A       100%        4
 Alistair's Intoxication  Tmut/Pois      0%         N/A       100%        5
 Metabolic Englaciation   Hex/Ice        0%         N/A       100%        5
 Yara's Violent Unravell  Hex/Tmut       0%         3d3       100%        5
 Invisibility             Hex            0%         N/A       100%        6
 Summon Small Mammal      Summ           Unusable   N/A       N/A         1
 Call Imp                 Summ           Unusable   N/A       N/A         2
 Call Canine Familiar     Summ           Unusable   N/A       N/A         3
 Summon Guardian Golem    Hex/Summ       Unusable   N/A       N/A         3
 Tukima's Dance           Hex            Unusable   N/A       N/A         3
 Summon Ice Beast         Ice/Summ       Unusable   N/A       N/A         4
 Summon Lightning Spire   Summ/Air       Unusable   N/A       N/A         4

Dungeon Overview and Level Annotations

Branches:
Dungeon (8/15)             Temple (0/1) D:6
   Lair: D:8-11

Altars:
Cheibriados
Dithmenos
Gozag
Hepliaklqana
Kikubaaqudgha
Makhleb
Okawaru
Qazlal
Ru
Sif Muna
Trog
Zin

Shops:
D:2 (   D:3 *


Innate Abilities, Weirdness & Mutations

You have a pair of horns on your head.
You are hated by all.
You reflexively headbutt those who attack you in melee.
You are partially covered in slimy green scales. (AC +2)
You possess an exceptional clarity of mind.


Message History

You completely miss the death yak.
The death yak is almost dead.
The death yak barely misses you.
You slash the death yak! You headbutt the death yak.
You kill the death yak!
Your Axes skill increases to level 11!
You have reached level 10!
It was a potion of flight.
You feel very buoyant.
You fly up into the air.
The death yak closely misses you. You furiously retaliate!
You headbutt the death yak, but do no damage.
It was a potion of haste.
You feel yourself speed up. The death yak closely misses you.
You hit the death yak but do no damage. You headbutt the death yak!
The death yak is lightly wounded.
The death yak gores you!
* * * LOW HITPOINT WARNING * * *
You slash the death yak! You headbutt the death yak.
The death yak is moderately wounded.
You block the death yak's attack.
You barely miss the death yak. You headbutt the death yak.
The death yak is moderately wounded.
You hit the death yak but do no damage.
The death yak is moderately wounded.
The death yak is stunned by your conviction and fails to attack.
You hit the death yak but do no damage.
The death yak is moderately wounded.
You block the death yak's attack.
You slash the death yak!
You headbutt the death yak, but do no damage.
The death yak is moderately wounded.
The death yak gores you!
* * * LOW HITPOINT WARNING * * *
You hit the death yak.
The death yak is moderately wounded.
You completely miss the death yak. You headbutt the death yak!
The death yak is heavily wounded.
The death yak gores you!!
You die...

.............#
##............#
..............#
.............#
#...........#
#....Y......#
#YYY..Y.....#
#Y##.....###
#@##.....#
#..#.....#
##......##
##.......#
#....<...#
##........#
#.........#
##.........#
#..........#


You could see 2 death yaks and 2 yaks.

Vanquished Creatures
  A death yak (D:8)
  A troll (D:6)
  Grinder (D:4)
  A yak (D:8)
  A steam dragon (D:6)
  2 water moccasins
  A sky beast (D:6)
  A black bear (D:7)
  An orc warrior (D:7)
  An ice beast (D:7)
  A centaur (D:6)
  3 ogres
  A phantom (D:7)
  A kobold brigand (D:6)
  A gnoll sergeant (D:6)
  A water moccasin zombie (D:6)
  5 scorpions
  A water moccasin skeleton (D:6)
  4 wights (D:6)
  A howler monkey (D:7)
  A crimson imp (D:5)
  A jelly (D:6)
  A gnoll shaman (D:7)
  4 hounds
  3 orc priests (D:7)
  2 bullfrog skeletons
  A centaur skeleton (D:7)
  8 iguanas
  An orc wizard (D:7)
  A killer bee zombie (D:6)
  A hound zombie (D:5)
  16 gnolls
  8 adders
  2 white imps
  2 ufetubi
  3 worms
  A worm zombie (D:5)
  A dart slug (D:5)
  9 orcs
  8 ball pythons
  3 endoplasms
  A giant cockroach (D:1)
  4 goblins
  10 hobgoblins
  7 jackals
  10 kobolds
  8 quokkas
  2 bats (D:1)
  3 frilled lizards
  A kobold zombie (D:5)
  4 rats
  A rat zombie (D:5)
158 creatures vanquished.

Vanquished Creatures (others)
  A jelly (D:5)
1 creature vanquished.

Grand Total: 159 creatures vanquished

Notes
Turn   | Place    | Note
-------+----------+-------------------------------------------
     0 | D:1      | logorrheac the Minotaur Fighter began the quest for the
                  | Orb.
     0 | D:1      | Reached XP level 1. HP: 19/19 MP: 0/0
    43 | D:1      | Reached XP level 2. HP: 25/27 MP: 1/1
    67 | D:1      | Reached skill level 3 in Axes
   406 | D:1      | Reached XP level 3. HP: 33/33 MP: 2/2
  1044 | D:2      | Found Qukuh's Weapon Shop.
  1216 | D:2      | Reached XP level 4. HP: 40/40 MP: 3/3
  1640 | D:3      | Reached skill level 4 in Axes
  1744 | D:3      | Found Zin's Purification Station.
  1747 | D:3      | Found a glowing silver altar of Zin.
  2188 | D:4      | Noticed Grinder
  2198 | D:4      | Paralysed by Grinder for 6 turns
  2207 | D:4      | Killed Grinder
  2208 | D:4      | Reached skill level 5 in Axes
  2208 | D:4      | Reached skill level 5 in Shields
  2208 | D:4      | Reached XP level 5. HP: 7/47 MP: 4/4
  2208 | D:4      | Reached XP level 6. HP: 9/55 MP: 5/5
  2497 | D:4      | Found a sacrificial altar of Ru.
  2505 | D:4      | Reached skill level 5 in Armour
  2508 | D:4      | Became a worshipper of Ru the Awakened
  2626 | D:4      | Reached skill level 5 in Fighting
  2873 | D:4      | Found a burning altar of Makhleb.
  3076 | D:4      | Reached skill level 6 in Axes
  3083 | D:4      | Reached XP level 7. HP: 34/61 MP: 6/6
  3281 | D:4      | Found a bloodstained altar of Trog.
  3282 | D:4      | Found an opulent altar of Gozag.
  3294 | D:4      | You fall into a shaft and drop 3 floors!
  3600 | D:7      | Reached skill level 7 in Axes
  3900 | D:7      | Reached XP level 8. HP: 44/70 MP: 7/7
  4247 | D:7      | Reached skill level 8 in Axes
  4373 | D:7      | Found an ancient bone altar of Kikubaaqudgha.
  4400 | D:7      | Gained mutation: You are hated by all. [Ru sacrifice]
  4400 | D:7      | Reached * piety under Ru
  4815 | D:5      | Entered Level 5 of the Dungeon
  5522 | D:5      | Reached skill level 9 in Axes
  5656 | D:5      | Found a shadowy altar of Dithmenos.
  5846 | D:5      | Identified the +0 leather armour "Ihooruac" {rCorr}
  5887 | D:5      | Reached XP level 9. HP: 79/79 MP: 8/8
  5938 | D:5      | Found an iron altar of Okawaru.
  6129 | D:6      | Gained mutation: You possess an exceptional clarity of
                  | mind. [potion of mutation]
  6129 | D:6      | Gained mutation: You are partially covered in slimy green
                  | scales. (AC +2) [potion of mutation]
  6637 | D:6      | Noticed a troll
  6647 | D:6      | Killed a troll
  6648 | D:6      | Reached skill level 10 in Axes
  6652 | D:6      | Found a stormy altar of Qazlal.
  6677 | D:6      | Found a staircase to the Ecumenical Temple.
  6764 | D:6      | Found a shimmering blue altar of Sif Muna.
  7297 | D:4      | Found a snail-covered altar of Cheibriados.
  7472 | D:8      | Noticed a death yak
  7472 | D:8      | Noticed a death yak
  7473 | D:8      | Noticed a death yak
  7487 | D:8      | Killed a death yak
  7488 | D:8      | Reached skill level 11 in Axes
  7488 | D:8      | Reached XP level 10. HP: 40/90 MP: 9/9
  7497 | D:8      | Mangled by a death yak

Illustrated notes

Levels and vault maps discovered:
D:1:      giann_wishing_wells, layout_basic
D:2:      layout_loops_ring, serial_shops, shop
D:3:      layout_rooms, zin_purify, kennysheep_decorative_pillar
D:4:      layout_basic, kennysheep_mini, minitemple, makhleb_heckhound_becter,
          uniq_grinder
D:5:      layout_cave_pools, riverfiend_overflow_shadow_ancestor,
          okawaru_altar_gauntlet_db, enter_ossuary_3, minmay_fire_ice_demons
D:6:      layout_rooms, lemuel_crystal_altar, minmay_temple_entry_waves,
          led_sif_pool
D:7:      layout_basic, kiku_gazebo_pond_becter
D:8:      layout_cave_pods, dpeg_lair_monsters, hellmonk_ghost_happy_afterlife

Skill      XL: |  1  2  3  4  5  6  7  8  9 |
---------------+----------------------------+-----
Axes           | 3 5 6 7 9 11 | 11.0
Shields        | 4 5 6 7 8 |  8.6
Armour         | 4 5 6 7 8 |  8.6
Fighting       | 4 5 6 7 8 |  8.6

Action                   |  1- 3 |  4- 6 |  7- 9 | 10-12 || total
-------------------------+-------+-------+-------+-------++-------
Melee: War axe           |    75 |   108 |   259 |     8 ||   450
       Headbutt          |     3 |    14 |    67 |     5 ||    89
Invok: Sacrifice Love    |       |       |     1 |       ||     1
  Use: Scroll            |       |       |     5 |       ||     5
       Potion            |       |       |     5 |     2 ||     7
 Stab: Distracted        |       |       |     1 |       ||     1
Armor: Scale mail        |    28 |    37 |   106 |       ||   171
Dodge: Dodged            |    23 |    29 |    81 |     2 ||   135
Block: Kite shield       |    43 |    56 |   224 |     2 ||   325
       Reflection        |       |       |    11 |       ||    11

Table legend: (Time is in decaauts)
 A = Elapsed time spent in this place.
 B = Non-inter-level travel time spent in this place.
 C = Inter-level travel time spent in this place.
 D = Time resting spent in this place.
 E = Time spent auto-exploring this place.
 F = Levels seen in this place.
 G = Mean time per level.
                   A        B        C        D        E       F      G
               +--------+--------+--------+--------+--------+-----+--------+
         Total |   7651 |   7410 |    241 |    865 |   5158 |   8 |  956.4 |
       Dungeon |   7651 |   7410 |    241 |    865 |   5158 |   8 |  956.4 |
               +--------+--------+--------+--------+--------+-----+--------+

Top non-repeatable levels by time:
     D:7: 1590 daAuts
     D:4: 1565 daAuts
     D:5: 1321 daAuts
     D:6: 958 daAuts
     D:2: 816 daAuts
     D:1: 784 daAuts
     D:3: 561 daAuts
     D:8: 53 daAuts
